 Dungeon Crawl Stone Soup version 0.27.1-33-g824d729ab1 (webtiles) character file.

Game seed: 10787125410832507358

90 Wolffar the Magician (level 4, -2/24 HPs)
             Began as a Deep Elf Air Elementalist on Dec 1, 2021.
             Was an Initiate of Qazlal.
             Slain by a sky beast (5 damage)
             ... on level 3 of the Dungeon.
             The game lasted 00:35:18 (2896 turns).

Wolffar the Magician (Deep Elf Air Elementalist)    Turns: 2896, Time: 00:35:19

Health: -2/24      AC:  2    Str:  5    XL:     4   Next: 32%
Magic:  12/12      EV: 28    Int: 21    God:    Qazlal [......]
Gold:   116        SH:  0    Dex: 15    Spells: 9/12 levels left

rFire    . . .     SeeInvis .   i - +3 short sword
rCold    . . .     Faith    .   (no shield)
rNeg     . . .     Spirit   .   a - +0 robe
rPois    .         Reflect  .   (no helmet)
rElec    .         Harm     .   (no cloak)
rCorr    .         Rampage  .   (no gloves)
Will     .....                  (no boots)
Stlth    ++........             l - amulet of the acrobat
HPRegen  0.08/turn              (no ring)
MPRegen  0.13/turn              (no ring)

@: acrobatic
A: no striking features
a: Renounce Religion


You were on level 3 of the Dungeon.
You worshipped Qazlal.
Qazlal was noncommittal.
You visited 1 branch of the dungeon, and saw 3 of its levels.

You collected 116 gold pieces.

Inventory:

Hand Weapons
 b - a +0 rapier
 h - a +1 dagger of speed
 i - a +3 short sword (weapon)
 q - a +1 vorpal hunting sling
Missiles
 f - 27 bolts
 g - 44 stones
 n - 2 poisoned darts
Armour
 a - a +0 robe (worn)
Jewellery
 l - an amulet of the acrobat (around neck)
Wands
 p - a wand of acid (4)
Scrolls
 c - a scroll of noise {unknown}
 d - a scroll of teleportation {unknown}
 k - 3 scrolls of identify {unknown}
 o - a scroll of summoning {unknown}
 r - a scroll of silence {unknown}
Potions
 e - a potion of mutation {unknown}
 j - 2 potions of brilliance {unknown}


   Skills:
 * Level 0.5 Fighting
 + Level 2.7 Dodging
 - Level 2.4 Stealth
 * Level 4.5 Spellcasting
 + Level 1.8 Conjurations
 + Level 3.9 Air Magic


You had 9 spell levels left.
You knew the following spells:

 Your Spells              Type           Power      Damage    Failure   Level
a - Shock                 Conj/Air       64%        1d7       3%          1
b - Static Discharge      Conj/Air       16%        N/A       5%          2

Your spell library contained the following spells:

 Spells                   Type           Power      Damage    Failure   Level
 Swiftness                Air            21%        N/A       7%          3
 Apportation              Tloc           8%         N/A       12%         1
 Ensorcelled Hibernation  Hex/Ice        8%         N/A       17%         2
 Airstrike                Air            10%        N/A       22%         4
 Inner Flame              Hex/Fire       4%         N/A       34%         3
 Spider Form              Tmut/Pois      2%         N/A       34%         3
 Cause Fear               Hex            2%         N/A       75%         4
 Alistair's Intoxication  Tmut/Pois      2%         N/A       97%         5
 Invisibility             Hex            2%         N/A       100%        6
 Shadow Creatures         Summ           N/A        N/A       100%        6
 Discord                  Hex            2%         N/A       100%        8


Dungeon Overview and Level Annotations

Branches:
Dungeon (3/15)

Altars:
Ashenzari
Qazlal

Annotations:
D:3 3 runed translucent doors, osinmv's ghost, amateur DDFi


Message History

You hit the sky beast but do no damage.
The sky beast is moderately wounded.
The sky beast misses you.
Hit: i) +3 short sword
Press: ? - help, Dir - move target, f/p - sky beast
Aim: a sky beast (moderately wounded, covered in acid, about 46% to evade your +3 short sword)
You hit the sky beast.
The sky beast is heavily wounded.
The sky beast closely misses you.
Hit: i) +3 short sword
Press: ? - help, Dir - move target, f/p - sky beast
Aim: a sky beast (heavily wounded, covered in acid, about 46% to evade your +3 short sword)
You closely miss the sky beast.
The sky beast is heavily wounded.
The sky beast misses you.
The sky beast hits you but does no damage.
It was a potion of curing.
You feel better. The sky beast hits you. The sky beast shocks you.
You feel better. The sky beast hits you. The sky beast shocks you.
You hit the sky beast.
The sky beast is severely wounded.
The sky beast flickers out of sight!
Deactivating autopickup; reactivate with Ctrl-A.
Something hits you.
* * * LOW HITPOINT WARNING * * *
Something shocks you.
* * * LOW HITPOINT WARNING * * *
You feel better. Something hits you. Something shocks you.
* * * LOW HITPOINT WARNING * * *
A sky beast appears from thin air!
Reactivating autopickup.
The sky beast hits you but does no damage.
The sky beast is no longer covered in acid.
You see here a stone.
The sky beast flickers out of sight!
Deactivating autopickup; reactivate with Ctrl-A.
Something hits you.
* * * LOW HITPOINT WARNING * * *
Something shocks you.
You die...

#.# .# #.# #.# ##'## #(###
## ##...## #... ..# ##
##.....## #..# #.# .##
##.......## #..# #.#
..####.........####..# #.#
...†.'.........'@....# #.#
..####.........##.#..#####.#
.## ##.......###.#(.......#
..# ##.....## #.#..#.###.#
#.# ##...## #.#..#.###.# #.#
##+## #.......(..# #.#
####.####### #.# #.# #.#
##### # # #.#


There were no monsters in sight!

Vanquished Creatures
  An orc wizard (D:3)
  2 adders
  A dart slug (D:2)
  6 orcs (D:3)
  A giant cockroach (D:2)
  5 goblins
  5 hobgoblins
  3 quokkas (D:1)
  4 ball pythons
  4 frilled lizards
  3 kobolds
  5 rats
40 creatures vanquished.

Vanquished Creatures (others)
  4 plants (D:3)
4 creatures vanquished.

Grand Total: 44 creatures vanquished

Notes
Turn   | Place    | Note
-------+----------+-------------------------------------------
     0 | D:1      | Wolffar the Deep Elf Air Elementalist began the quest for
                  | the Orb.
     0 | D:1      | Reached XP level 1. HP: 10/10 MP: 6/6
   525 | D:1      | Reached XP level 2. HP: 14/15 MP: 1/8
   622 | D:1      | Learned a level 2 spell: Static Discharge
  1533 | D:2      | Found a stormy altar of Qazlal.
  1595 | D:2      | Reached XP level 3. HP: 20/20 MP: 7/10
  2451 | D:2      | Became a worshipper of Qazlal Stormbringer
  2584 | D:3      | Found a broken altar of Ashenzari.
  2589 | D:3      | Reached skill level 4 in Spellcasting
  2674 | D:3      | Reached XP level 4. HP: 24/24 MP: 3/12
  2769 | D:3      | Found a runed translucent gate.
  2769 | D:3      | Found a runed translucent gate.
  2770 | D:3      | Found a runed translucent gate.
  2775 | D:3      | Noticed osinmv's ghost (amateur DDFi)
  2860 | D:3      | Noticed a sky beast
  2876 | D:3      | HP: 1/24 [something (6)]
  2896 | D:3      | Slain by a sky beast

Illustrated notes

Levels and vault maps discovered:
D:1:      dpeg_arrival_arbitrary_b, layout_rooms, minmay_split_cup_large
D:2:      layout_basic, basic_altar, minmay_split_cup_small
D:3:      layout_loops_corners, evilmike_ruin_ashenzari,
          gammafunk_ghost_necromancy, guppyfry_early_lair_pool, uniq_sigmund

Skill      XL: |  1  2  3 |
---------------+----------+-----
Spellcasting   | 4 |  4.5
Fighting       | |  0.5
Dodging        | |  2.7
Stealth        | |  2.4
Conjurations   | |  1.8
Air Magic      | |  3.9

Action                   |  1- 3 |  4- 6 || total
-------------------------+-------+-------++-------
Melee: Short sword       |       |     6 ||     6
 Fire: Hunting sling     |       |     2 ||     2
 Cast: Shock             |    75 |     4 ||    79
Evoke: Wand              |       |     1 ||     1
  Use: Potion            |       |     3 ||     3
Armor: Robe              |     2 |     3 ||     5
Dodge: Dodged            |     7 |     6 ||    13
